| TOP OF THE 1ST |
|
Mississippi State University Bulldogs batting - Pitching for Coastal Carolina University Chanticleers : RHP Pedro Magdaleno
|
|
Pitching: RHP Pedro Magdaleno
|
|
|
Batting: RHB Freddie Kite
|
0-0: Ball 1-0: Called Strike 1-1: Ball 2-1: Fly out, F3 (Popup, 3S, EV 75.6 MPH)
|
|
Batting: RHB Alexis Gallegos
|
0-0: Called Strike 0-1: Swinging Strike 0-2: Foul Ball, location: 2F 0-2: Ball 1-2: Strikes out swinging
|
|
Batting: RHB Benito Gonzales
|
0-0: Swinging Strike 0-1: Foul Ball, location: 2F 0-2: Ball 1-2: Ground out 4-3 (Groundball, 4S, EV 77.5 MPH)
|
| Top of the 1st over - 0 runs, 0 hits, 0 errors, 0 left on base; Mississippi State University 0 - Coastal Carolina University 0 |
| BOTTOM OF THE 1ST |
|
Coastal Carolina University Chanticleers batting - Pitching for Mississippi State University Bulldogs : LHP Josh Doyle
|
|
Pitching: LHP Josh Doyle
|
|
|
Batting: RHB Tatsunori Ishigaki
|
0-0: Fly out, F9 (Flyball, 9D, EV 91.2 MPH)
|
|
Batting: RHB Dennis Bennett
|
0-0: Ball 1-0: Called Strike 1-1: Ground out 6-3 (Groundball, 6, EV 85.6 MPH)
|
|
Batting: LHB Orlando Hurtado
|
0-0: Ball 1-0: DOUBLE (Groundball, 3L, EV 102.5 MPH)
|
|
Batting: RHB Mark Tart
|
0-0: Called Strike 0-1: Ground out 4-3 (Groundball, 4M, EV 93.8 MPH)
|
| Bottom of the 1st over - 0 runs, 1 hit, 0 errors, 1 left on base; Mississippi State University 0 - Coastal Carolina University 0 |
| TOP OF THE 2ND |
|
Mississippi State University Bulldogs batting - Pitching for Coastal Carolina University Chanticleers : RHP Pedro Magdaleno
|
|
Batting: LHB Danny Shanahan
|
0-0: Ground out 4-3 (Groundball, 4, EV 85.0 MPH)
|
|
Batting: RHB Josh Stene
|
0-0: Ball 1-0: Swinging Strike 1-1: Foul Ball, location: 2F 1-2: Foul Ball, location: 2F 1-2: Strikes out swinging
|
|
Batting: RHB Alvin Abarca
|
0-0: Ball 1-0: Ball 2-0: Ball 3-0: Called Strike 3-1: Base on Balls
|
|
Batting: LHB Vinnie Kalman
|
0-0: Ground out 4-3 (Groundball, 4, EV 84.4 MPH)
|
| Top of the 2nd over - 0 runs, 0 hits, 0 errors, 1 left on base; Mississippi State University 0 - Coastal Carolina University 0 |
| BOTTOM OF THE 2ND |
|
Coastal Carolina University Chanticleers batting - Pitching for Mississippi State University Bulldogs : LHP Josh Doyle
|
|
Batting: RHB Alex Montiel
|
0-0: SINGLE (Groundball, 6S, EV 60.0 MPH) (infield hit)
|
|
Batting: RHB Chris McDaniel
|
0-0: Called Strike 0-1: Called Strike 0-2: Strikes out looking
|
|
Batting: RHB Fernando Tovar
|
0-0: Ball Alex Montiel is caught stealing 2nd base 2-4 1-0: Ball 2-0: Called Strike 2-1: Foul Ball, location: 2F 2-2: Ball 3-2: DOUBLE (Line Drive, 78D, EV 101.2 MPH)
|
|
Batting: LHB Justin Sanders
|
0-0: Called Strike 0-1: Swinging Strike 0-2: Strikes out swinging
|
| Bottom of the 2nd over - 0 runs, 2 hits, 0 errors, 1 left on base; Mississippi State University 0 - Coastal Carolina University 0 |
| TOP OF THE 3RD |
|
Mississippi State University Bulldogs batting - Pitching for Coastal Carolina University Chanticleers : RHP Pedro Magdaleno
|
|
Batting: RHB Logan Strassburg
|
0-0: Ball 1-0: Called Strike 1-1: Foul Ball, location: 2F 1-2: Ball 2-2: Foul Ball, location: 2F 2-2: Foul Ball, location: 2F 2-2: Foul Ball, location: 2F 2-2: Ball 3-2: Fly out, F8 (Flyball, 8LD, EV 98.8 MPH)
|
|
Batting: RHB Karl Lukasiewicz
|
0-0: Called Strike 0-1: Foul Ball, location: 2F 0-2: Strikes out swinging
|
|
Batting: RHB Freddie Kite
|
0-0: Foul Ball, location: 2F 0-1: Called Strike 0-2: Ground out 6-3 (Groundball, 6, EV 84.4 MPH)
|
| Top of the 3rd over - 0 runs, 0 hits, 0 errors, 0 left on base; Mississippi State University 0 - Coastal Carolina University 0 |
| BOTTOM OF THE 3RD |
|
Coastal Carolina University Chanticleers batting - Pitching for Mississippi State University Bulldogs : LHP Josh Doyle
|
|
Batting: RHB Rene Napoles
|
0-0: Ball 1-0: Ball 2-0: Ball 3-0: Called Strike 3-1: Called Strike 3-2: Foul Ball, location: 2F 3-2: Strikes out swinging
|
|
Batting: RHB Tatsunori Ishigaki
|
0-0: Called Strike 0-1: Foul Ball, location: 2F 0-2: Ball 1-2: Ball 2-2: SINGLE (Groundball, 6M, EV 110.6 MPH) (infield hit)
|
|
Batting: RHB Dennis Bennett
|
0-0: Called Strike 0-1: Ball Tatsunori Ishigaki is caught stealing 2nd base 2-4 1-1: Foul Ball, location: 2F 1-2: Ball 2-2: Foul Ball, location: 2F 2-2: Ground out 4-3 (Groundball, 34D, EV 108.1 MPH)
|
| Bottom of the 3rd over - 0 runs, 1 hit, 0 errors, 0 left on base; Mississippi State University 0 - Coastal Carolina University 0 |
| TOP OF THE 4TH |
|
Mississippi State University Bulldogs batting - Pitching for Coastal Carolina University Chanticleers : RHP Pedro Magdaleno
|
|
Batting: RHB Alexis Gallegos
|
0-0: Ball 1-0: Foul Ball, location: 2F 1-1: Called Strike 1-2: Ball 2-2: Ground out 1-3 (Groundball, 34S, EV 62.5 MPH)
|
|
Batting: RHB Benito Gonzales
|
0-0: Called Strike 0-1: Ground out 6-3 (Groundball, P, EV 86.2 MPH)
|
|
Batting: LHB Danny Shanahan
|
0-0: Ball 1-0: Ball 2-0: DOUBLE (Line Drive, 9LM, EV 104.4 MPH)
|
|
Batting: RHB Josh Stene
|
0-0: SINGLE (Groundball, 6M, EV 98.1 MPH) (infield hit) Danny Shanahan to third
|
|
Batting: RHB Alvin Abarca
|
0-0: Called Strike 0-1: Foul Ball, location: 2F 0-2: Foul Ball, location: 2F 0-2: Ball 1-2: Foul Ball, location: 2F 1-2: Ball 2-2: Foul Ball, location: 2F 2-2: Ground out 5-3 (Groundball, 56S, EV 70.0 MPH)
|
| Top of the 4th over - 0 runs, 2 hits, 0 errors, 2 left on base; Mississippi State University 0 - Coastal Carolina University 0 |
| BOTTOM OF THE 4TH |
|
Coastal Carolina University Chanticleers batting - Pitching for Mississippi State University Bulldogs : LHP Josh Doyle
|
|
Pitching: RHP Rich Martinez
|
|
|
Batting: LHB Orlando Hurtado
|
0-0: Ball 1-0: Called Strike 1-1: Ball 2-1: Ball 3-1: Foul Ball, location: 2F 3-2: Fly out, F9 (Flyball, 89M, EV 93.8 MPH)
|
|
Batting: RHB Mark Tart
|
0-0: DOUBLE (Line Drive, 78M, EV 110.6 MPH)
|
|
Batting: RHB Alex Montiel
|
0-0: Ball 1-0: Ball 2-0: Called Strike 2-1: Called Strike 2-2: Ball Wild Pitch! Mark Tart to third 3-2: Base on Balls
|
|
Batting: RHB Chris McDaniel
|
0-0: Ball 1-0: Called Strike 1-1: Fielders Choice at 2nd, 3-6 (Groundball, 3S, EV 92.5 MPH) Mark Tart scores
|
|
Batting: RHB Fernando Tovar
|
0-0: Ball 1-0: Foul Ball, location: 2F 1-1: Foul Ball, location: 2F 1-2: Ball 2-2: Ball 3-2: Base on Balls Chris McDaniel to second
|
|
Batting: LHB Justin Sanders
|
0-0: Ball 1-0: Called Strike 1-1: Foul Ball, location: 2F 1-2: Ball 2-2: Foul Ball, location: 2F 2-2: Fly out, F8 (Flyball, 78M, EV 95.6 MPH)
|
| Bottom of the 4th over - 1 run, 1 hit, 0 errors, 2 left on base; Mississippi State University 0 - Coastal Carolina University 1 |
| TOP OF THE 5TH |
|
Mississippi State University Bulldogs batting - Pitching for Coastal Carolina University Chanticleers : RHP Pedro Magdaleno
|
|
Batting: LHB Vinnie Kalman
|
0-0: Ball 1-0: Called Strike 1-1: Ball 2-1: Foul Ball, location: 2F 2-2: Strikes out swinging
|
|
Batting: RHB Logan Strassburg
|
0-0: Ground out 1-3 (Groundball, 13, EV 75.6 MPH)
|
|
Batting: RHB Karl Lukasiewicz
|
0-0: Ball 1-0: Swinging Strike 1-1: Foul Ball, location: 2F 1-2: Strikes out looking
|
| Top of the 5th over - 0 runs, 0 hits, 0 errors, 0 left on base; Mississippi State University 0 - Coastal Carolina University 1 |
| BOTTOM OF THE 5TH |
|
Coastal Carolina University Chanticleers batting - Pitching for Mississippi State University Bulldogs : RHP Rich Martinez
|
|
Batting: RHB Rene Napoles
|
0-0: Ball 1-0: Ball 2-0: Ball 3-0: Base on Balls
|
|
Batting: RHB Tatsunori Ishigaki
|
0-0: Foul Ball, location: 2F 0-1: Called Strike Rene Napoles is caught stealing 2nd base 2-4 0-2: Foul Ball, location: 2F 0-2: Ground out 5-3 (Groundball, 5, EV 79.4 MPH)
|
|
Batting: RHB Dennis Bennett
|
0-0: Fly out, F7 (Flyball, 7LS, EV 85.6 MPH)
|
| Bottom of the 5th over - 0 runs, 0 hits, 0 errors, 0 left on base; Mississippi State University 0 - Coastal Carolina University 1 |
| TOP OF THE 6TH |
|
Mississippi State University Bulldogs batting - Pitching for Coastal Carolina University Chanticleers : RHP Pedro Magdaleno
|
|
Batting: RHB Freddie Kite
|
0-0: Ball 1-0: Foul Ball, location: 2F 1-1: Hit by Pitch
|
|
Batting: RHB Alexis Gallegos
|
0-0: Ball 1-0: Ball 2-0: Ball 3-0: Called Strike 3-1: SINGLE (Line Drive, 78S, EV 105.6 MPH) Freddie Kite to second
|
|
Batting: RHB Benito Gonzales
|
0-0: Ball 1-0: Foul Ball, location: 2F 1-1: Ball 2-1: Ball 3-1: Base on Balls Freddie Kite to third Alexis Gallegos to second
|
|
Batting: LHB Danny Shanahan
|
0-0: Ball 1-0: Ball 2-0: Ball 3-0: Base on Balls Freddie Kite scores Alexis Gallegos to third Benito Gonzales to second
|
|
Batting: RHB Josh Stene
|
0-0: Swinging Strike 0-1: Called Strike 0-2: Ball 1-2: Ball 2-2: Grounds into fielders choice 6-2 (Groundball, 6, EV 88.1 MPH) Benito Gonzales to third Danny Shanahan to second
|
|
Batting: RHB Alvin Abarca
|
0-0: Swinging Strike 0-1: Ball 1-1: Swinging Strike 1-2: Foul Ball, location: 2F 1-2: Ball 2-2: DOUBLE (Line Drive, 78D, EV 104.4 MPH) Benito Gonzales scores Danny Shanahan scores Josh Stene to third Runner from 3rd tries for Home, SAFE, throw by CF to trailing runner, SAFE at third!
|
|
Pitching: RHP Ricky Diaz
|
|
|
Batting: LHB Vinnie Kalman
|
0-0: Called Strike 0-1: Swinging Strike 0-2: DOUBLE (Line Drive, 7LM, EV 96.2 MPH) Alvin Abarca scores
|
|
Batting: RHB Logan Strassburg
|
0-0: Swinging Strike 0-1: Ball 1-1: Ball 2-1: Fly out, F7 (Flyball, 78S, EV 87.5 MPH)
|
|
Batting: RHB Karl Lukasiewicz
|
0-0: Intentional Walk
|
|
Batting: RHB Freddie Kite
|
0-0: Ball 1-0: Ground out 1-3 (Groundball, 15, EV 76.9 MPH)
|
| Top of the 6th over - 5 runs, 3 hits, 0 errors, 2 left on base; Mississippi State University 5 - Coastal Carolina University 1 |
| BOTTOM OF THE 6TH |
|
Coastal Carolina University Chanticleers batting - Pitching for Mississippi State University Bulldogs : RHP Rich Martinez
|
|
Pitching: RHP Salvatore Caraballo
|
|
|
Batting: LHB Orlando Hurtado
|
0-0: Ball 1-0: Foul Ball, location: 2F 1-1: Ball 2-1: Swinging Strike 2-2: Ball 3-2: Strikes out swinging
|
|
Batting: RHB Mark Tart
|
0-0: Fly out, F9 (Flyball, 9, EV 81.2 MPH)
|
|
Batting: RHB Alex Montiel
|
0-0: Ball 1-0: Foul Ball, location: 2F 1-1: Ball 2-1: Ball 3-1: Base on Balls
|
|
Batting: RHB Chris McDaniel
|
0-0: Ball Alex Montiel is caught stealing 2nd base 2-4
|
| Bottom of the 6th over - 0 runs, 0 hits, 0 errors, 0 left on base; Mississippi State University 5 - Coastal Carolina University 1 |
| TOP OF THE 7TH |
|
Mississippi State University Bulldogs batting - Pitching for Coastal Carolina University Chanticleers : RHP Ricky Diaz
|
|
Batting: RHB Alexis Gallegos
|
0-0: Ball 1-0: Ball 2-0: Called Strike 2-1: Called Strike 2-2: Ground out 6-3 (Groundball, 6, EV 78.8 MPH)
|
|
Batting: RHB Benito Gonzales
|
0-0: Ball 1-0: Fly out, F7 (Line Drive, 7, EV 86.9 MPH)
|
|
Batting: LHB Danny Shanahan
|
0-0: Ball 1-0: Fly out, F9 (Flyball, 89D, EV 93.1 MPH)
|
| Top of the 7th over - 0 runs, 0 hits, 0 errors, 0 left on base; Mississippi State University 5 - Coastal Carolina University 1 |
| BOTTOM OF THE 7TH |
|
Coastal Carolina University Chanticleers batting - Pitching for Mississippi State University Bulldogs : RHP Salvatore Caraballo
|
|
Batting: RHB Chris McDaniel
|
0-0: Ball 1-0: Ball 2-0: Ball 3-0: Called Strike 3-1: Fly out, F7 (Flyball, 7, EV 84.4 MPH)
|
|
Batting: RHB Fernando Tovar
|
0-0: SINGLE (Line Drive, 7S, EV 94.4 MPH)
|
|
Batting: LHB Justin Sanders
|
0-0: Ball 1-0: Swinging Strike 1-1: Ball 2-1: Called Strike 2-2: Strikes out swinging
|
|
Batting: RHB Rene Napoles
|
0-0: Fly out, F7 (Line Drive, 7S, EV 93.1 MPH)
|
| Bottom of the 7th over - 0 runs, 1 hit, 0 errors, 1 left on base; Mississippi State University 5 - Coastal Carolina University 1 |
| TOP OF THE 8TH |
|
Mississippi State University Bulldogs batting - Pitching for Coastal Carolina University Chanticleers : RHP Ricky Diaz
|
|
Batting: RHB Josh Stene
|
0-0: Called Strike 0-1: Ball 1-1: Called Strike 1-2: Ball 2-2: Strikes out swinging
|
|
Batting: RHB Alvin Abarca
|
0-0: Swinging Strike 0-1: Ground out 6-3 (Groundball, 56, EV 85.6 MPH)
|
|
Batting: LHB Vinnie Kalman
|
0-0: Called Strike 0-1: Called Strike 0-2: Ball 1-2: Strikes out looking
|
| Top of the 8th over - 0 runs, 0 hits, 0 errors, 0 left on base; Mississippi State University 5 - Coastal Carolina University 1 |
| BOTTOM OF THE 8TH |
|
Coastal Carolina University Chanticleers batting - Pitching for Mississippi State University Bulldogs : RHP Salvatore Caraballo
|
|
Pitching: LHP Terry Sanders
|
|
|
Batting: RHB Tatsunori Ishigaki
|
0-0: SINGLE (Line Drive, 7S, EV 96.9 MPH)
|
|
Batting: RHB Dennis Bennett
|
0-0: Ball 1-0: Ball 2-0: Ball 3-0: Base on Balls Tatsunori Ishigaki to second
|
|
Batting: LHB Orlando Hurtado
|
0-0: Called Strike 0-1: Fly out, F7 (Flyball, 7LM, EV 98.1 MPH)
|
|
Batting: RHB Mark Tart
|
0-0: Ball 1-0: TRIPLE (Line Drive, 78XD, EV 100.0 MPH) Tatsunori Ishigaki scores Dennis Bennett scores
|
|
Batting: RHB Alex Montiel
|
0-0: Ball 1-0: Foul Ball, location: 2F 1-1: Ball 2-1: Called Strike Steal of home, Mark Tart is out 2-2: Ground out 6-3 (Groundball, 6, EV 88.1 MPH)
|
| Bottom of the 8th over - 2 runs, 2 hits, 0 errors, 0 left on base; Mississippi State University 5 - Coastal Carolina University 3 |
| TOP OF THE 9TH |
|
Mississippi State University Bulldogs batting - Pitching for Coastal Carolina University Chanticleers : RHP Ricky Diaz
|
|
Batting: RHB Logan Strassburg
|
0-0: Ball 1-0: Ball 2-0: Foul Ball, location: 2F 2-1: Ball 3-1: Base on Balls
|
|
Batting: RHB Karl Lukasiewicz
|
0-0: Sac Bunt to 2L - play at first, batter OUT! 2-3 Logan Strassburg to second
|
|
Batting: RHB Freddie Kite
|
0-0: Foul Ball, location: 2F 0-1: Ball 1-1: Ball 2-1: Ball 3-1: Called Strike 3-2: Strikes out looking
|
|
Batting: RHB Alexis Gallegos
|
0-0: Fly out, F9 (Flyball, 89S, EV 91.9 MPH)
|
| Top of the 9th over - 0 runs, 0 hits, 0 errors, 1 left on base; Mississippi State University 5 - Coastal Carolina University 3 |
| BOTTOM OF THE 9TH |
|
Coastal Carolina University Chanticleers batting - Pitching for Mississippi State University Bulldogs : LHP Terry Sanders
|
|
Pitching: RHP Chris Pearson
|
|
|
Batting: RHB Chris McDaniel
|
0-0: Ball 1-0: Swinging Strike 1-1: Called Strike 1-2: Ground out 5-3 (Groundball, 5, EV 86.9 MPH)
|
|
Pinch Hitting: LHB Nate Kokx
|
0-0: Foul Ball, location: 2F 0-1: Ball 1-1: Ball 2-1: Ball 3-1: Base on Balls
|
|
Batting: LHB Justin Sanders
|
0-0: Swinging Strike 0-1: Ball 1-1: Called Strike 1-2: Foul Ball, location: 2F 1-2: Ball 2-2: Ball 3-2: Foul Ball, location: 2F 3-2: Base on Balls Nate Kokx to second
|
|
Batting: RHB Rene Napoles
|
0-0: Ball 1-0: Ball 2-0: Swinging Strike 2-1: Swinging Strike 2-2: Grounds into double play, 5-4-3 (Groundball, 56, EV 108.8 MPH)
|
| Bottom of the 9th over - 0 runs, 0 hits, 0 errors, 1 left on base; Mississippi State University 5 - Coastal Carolina University 3 |
|